 Dungeon Crawl Stone Soup version 0.29.1-12-g30fa7ad0bf (webtiles) character file.

Game seed: 16270397918520779387

1655 RapScallion the Cleaver (level 9, -1/72 (78) HPs)
             Began as a Hill Orc Fighter on Jan 18, 2023.
             Was an Initiate of Okawaru.
             Slain by a wight
             ... wielding a +5 war axe of freezing
              (3 damage)
             ... on level 6 of the Dungeon.
             The game lasted 00:28:20 (6611 turns).

RapScallion the Cleaver (Hill Orc Fighter)          Turns: 6611, Time: 00:28:22

HP:   -1/72 (78)    AC: 15    Str: 23    XL:     9   Next: 0%
MP:   9/9           EV:  6    Int:  8    God:    Okawaru [......]
Gold: 245           SH:  4    Dex: 10    Spells: 8/8 levels left

rFire   . . .      SeeInvis .   a - +0 war axe (venom)
rCold   . . .      Faith    .   c - +0 buckler
rNeg    . . .      Spirit   .   v - +0 plate armour
rPois   .          Reflect  .   l - +0 helmet
rElec   .          Harm     .   f - scarf {+Inv}
rCorr   .          Rampage  .   h - +0 pair of gloves
Will    .....                   (no boots)
Stlth   ..........              (no amulet)
HPRegen 0.22/turn               (no ring)
MPRegen 0.11/turn               (no ring)

@: drained
A: no striking features
a: Renounce Religion, Evoke Invisibility


You were on level 6 of the Dungeon.
You worshipped Okawaru.
Okawaru was noncommittal.
You visited 2 branches of the dungeon, and saw 7 of its levels.

You collected 245 gold pieces.

Inventory:

Hand Weapons
 a - a +0 war axe of venom (weapon)
 i - a +2 flail of protection
 p - the +9 rapier of the Viper {spect, rElec Will+ Str+4 SInv}
   (You found it on level 6 of the Dungeon)

   When its wielder attacks, the weapon's spirit leaps out and strikes again.
   The spirit shares a part of any damage it takes with its wielder.
   Str:       It affects your strength (+4).
   rElec:     It insulates you from electricity.
   SInv:      It lets you see invisible.
   Will:      It increases your willpower.
Armour
 c - a +0 buckler (worn)
 f - a scarf of invisibility (worn)
 h - a +0 pair of gloves (worn)
 l - a +0 helmet (worn)
 v - a +0 plate armour (worn)
Wands
 k - a wand of digging (3)
 w - a wand of paralysis (14)
Scrolls
 d - a scroll of teleportation
 e - 2 scrolls of brand weapon
 n - a scroll of noise
 q - a scroll of fear
 A - 3 scrolls of magic mapping
Potions
 b - a potion of lignification {unknown}
 g - a potion of berserk rage {unknown}
 j - 3 potions of ambrosia
 m - 4 potions of curing
 o - 2 potions of attraction {unknown}
 r - a potion of invisibility {unknown}
 s - a potion of flight {unknown}
 u - 2 potions of heal wounds
 x - a potion of cancellation {unknown}
 z - a potion of mutation {unknown}


   Skills:
 + Level 6.4 Fighting
 + Level 10.6 Axes
 + Level 6.5 Armour
 + Level 1.0 Dodging
 + Level 1.0 Stealth
 + Level 4.6 Shields


You had 8 spell levels left.
You didn't know any spells.
Your spell library was empty.

Dungeon Overview and Level Annotations

Branches:
Dungeon (6/15)             Temple (1/1) D:5

Altars:
Ashenzari
Cheibriados
Dithmenos
Elyvilon
Fedhas
Gozag
Kikubaaqudgha
Makhleb
Nemelex Xobeh
Okawaru
Ru
Sif Muna
Uskayaw
Vehumet
Wu Jian
Xom
Yredelemnul
Zin
The Shining One


Message History

You have reached level 9!
Your experience leads to an increase in your attributes!
Increase (S)trength, (I)ntelligence, or (D)exterity?
You feel stronger. x2 2 wights come into view.
A wight is wielding a +5 war axe of freezing.
The wight hits you but does no damage.
You closely miss the wight. The wight barely misses you.
You slash the wight!
The wight is heavily damaged.
The wight hits you with a +0 war axe!
You closely miss the wight.
The wight is moderately damaged.
You barely miss the wight. You hit the wight but do no damage.
The wight barely misses you. The wight hits you but does no damage.
You barely miss the wight. You slash the wight!
The wight hits you with a +0 war axe.
You feel drained.
The wight hits you with a +5 war axe of freezing.
The wight freezes you.
You closely miss the wight. x2; The wight hits you but does no damage.
The wight hits you with a +5 war axe of freezing!
You feel drained. The wight freezes you.
You hit the wight.
The wight is lightly damaged.
You hit the wight but do no damage. The wight barely misses you.
The wight hits you with a +5 war axe of freezing!
You feel drained. The wight freezes you.
* * * LOW HITPOINT WARNING * * *
You hit the wight.
The wight is moderately damaged.
You hit the wight but do no damage. The wight hits you but does no damage.
You block the wight's attack.
You barely miss the wight.
The wight is moderately damaged.
You hit the wight but do no damage. The wight hits you with a +0 war axe.
* * * LOW HITPOINT WARNING * * *
The wight hits you with a +5 war axe of freezing!
* * * LOW HITPOINT WARNING * * *
The wight freezes you.
You die...

## ####### . #.....# #.
#####.###.### .###.....#
#...# ..#.##### ###.#
#.#...# #...#
#.######z###.#####.#####
.......@z.........†....>
#.####.#...#.#####.####.
#.###.#.......# #.
#.###.######..####.
#................#.
###....#....#..#.#. #
........##.#......
..##.##.##..##.#...##.
.....#...#..##.##..##.


You could see 2 wights.

Vanquished Creatures
  Grinder (D:4)
  2 water moccasins (D:5)
  2 sky beasts (D:6)
  2 ogres
  A bullfrog (D:6)
  A phantom (D:6)
  2 scorpions (D:4)
  6 hounds
  A gnoll bouda (D:5)
  3 iguanas
  4 orc wizards (D:4)
  Ijyb (D:4)
  14 adders
  5 gnolls
  A shadow imp (D:4)
  A worm (D:4)
  4 dart slugs
  9 orcs (D:4)
  7 ball pythons
  10 endoplasms
  2 giant cockroaches
  7 goblins
  4 hobgoblins
  2 jackals (D:4)
  3 quokkas
  4 bats
  2 frilled lizards
  6 kobolds
  5 rats
112 creatures vanquished.

Vanquished Creatures (others)
  2 plants (D:5)
2 creatures vanquished.

Grand Total: 114 creatures vanquished

Notes
Turn   | Place    | Note
-------+----------+-------------------------------------------
     0 | D:1      | RapScallion the Hill Orc Fighter began the quest for the
                  | Orb.
     0 | D:1      | Reached XP level 1. HP: 19/19 MP: 1/1
   116 | D:1      | Reached XP level 2. HP: 12/27 MP: 2/2
   421 | D:1      | Found a faded altar of an unknown god.
   426 | D:1      | Reached skill level 3 in Axes
  1344 | D:2      | Found a shimmering altar of Xom.
  1382 | D:2      | Reached XP level 3. HP: 30/33 MP: 3/3
  2024 | D:2      | Reached XP level 4. HP: 38/40 MP: 4/4
  2608 | D:3      | Reached skill level 4 in Axes
  2866 | D:3      | Reached XP level 5. HP: 47/47 MP: 5/5
  2998 | D:3      | Found a blossoming altar of Fedhas.
  3000 | D:3      | Found an opulent altar of Gozag.
  3000 | D:3      | Found a shimmering blue altar of Sif Muna.
  3002 | D:3      | Found a glowing golden altar of the Shining One.
  3002 | D:3      | Found a shimmering altar of Xom.
  3002 | D:3      | Found a glowing golden altar of the Shining One.
  3585 | D:4      | Reached skill level 5 in Axes
  3585 | D:4      | Reached XP level 6. HP: 53/53 MP: 6/6
  4123 | D:4      | Noticed Ijyb
  4135 | D:4      | Killed Ijyb
  4374 | D:4      | Noticed Grinder
  4379 | D:4      | Paralysed by Grinder for 4 turns
  4406 | D:4      | Killed Grinder
  4407 | D:4      | Reached skill level 5 in Fighting
  4407 | D:4      | Reached skill level 6 in Axes
  4407 | D:4      | Reached skill level 5 in Armour
  4407 | D:4      | Reached skill level 1 in Dodging
  4407 | D:4      | Reached XP level 7. HP: 23/61 MP: 7/7
  4648 | D:4      | Reached skill level 7 in Axes
  4813 | D:5      | Entered Level 5 of the Dungeon
  4813 | D:5      | Found a staircase to the Ecumenical Temple.
  4978 | D:5      | Reached skill level 8 in Axes
  5004 | D:4      | Reached XP level 8. HP: 16/69 MP: 8/8
  5338 | Temple   | Entered the Ecumenical Temple
  5532 | D:5      | Reached skill level 9 in Axes
  5619 | D:5      | Reached skill level 1 in Stealth
  5674 | D:5      | Found a blossoming altar of Fedhas.
  5820 | D:5      | Found a sparkling altar of Nemelex Xobeh.
  5833 | D:5      | Found a glowing golden altar of the Shining One.
  6064 | D:6      | Identified the +9 rapier of the Viper {spect, rElec Will+
                  | Str+4 SInv}
  6148 | D:6      | Found an iron altar of Okawaru.
  6303 | D:6      | Found a broken altar of Ashenzari.
  6306 | D:6      | Found a shadowy altar of Dithmenos.
  6322 | D:6      | Reached skill level 10 in Axes
  6462 | D:6      | Became a worshipper of Warmaster Okawaru
  6581 | D:6      | Reached XP level 9. HP: 78/78 MP: 9/9
  6611 | D:6      | HP: 2/72 [wight/+5 war axe of freezing (17)]
  6611 | D:6      | Slain by a wight

Illustrated notes

Levels and vault maps discovered:
D:1:      heliophobic_arrival_henge, layout_basic,
          hellmonk_ecumenical_altar_heavens_door, serial_co_window_serial,
          co_window_corner_a, co_window_paths_a, co_window_of_opportunity_a,
          co_window_cross_1, co_window_paths_a, co_window_corner_b,
          co_window_2corner, co_window_paths_c, co_window_broadway_a,
          co_window_corner_ca, glass_columns_a, glass_columns_c,
          glass_columns_a, glass_columns_b, minmay_misc_feat_tower
D:2:      layout_basic, basic_altar, minmay_quantized
D:3:      minmay_inner_zag, layout_loops_corners, doesnt_xom_only_xom,
          kennysheep_another_room
D:4:      layout_loops_corners, chequers_hall_statues_wall_a, uniq_ijyb,
          uniq_grinder
D:5:      layout_cave_pools, tso_metal_star, fedhas_ov_isle_minmay,
          mainiacjoe_overflow_alcove_1, minmay_temple_entry_large_hall
D:6:      layout_basic, okawaru_gym_becter, grunt_temple_overflow_open,
          hex_large, minmay_starry_boxes
Temple:   nicolae_temple_hex_pool

Skill      XL: |  1  2  3  4  5  6  7  8 |
---------------+-------------------------+-----
Axes           | 3 4 5 6 8 10 | 10.6
Fighting       | 4 5 6 |  6.4
Armour         | 4 5 6 |  6.5
Shields        | 4 |  4.6
Dodging        | 1 |  1.0
Stealth        | 1 |  1.0

Action                   |  1- 3 |  4- 6 |  7- 9 || total
-------------------------+-------+-------+-------++-------
Melee: War axe           |    64 |   144 |   157 ||   365
  Use: Scroll            |       |     3 |     6 ||     9
       Potion            |       |     1 |       ||     1
Armor: Scale mail        |    24 |    37 |       ||    61
       Plate armour      |       |    47 |   125 ||   172
Dodge: Dodged            |    27 |    48 |    42 ||   117
Block: Buckler           |    13 |    36 |    33 ||    82
